Workbook

Sheet Expenses
A1: Business expenses
A2: Enter the gross amount you paid and the VAT rate on the receipt. For reverse-charge purchases from other EU countries (e.g. software billed without VAT), enter rate 0% and account for the VAT in your VAT return.
A3: Totals | F3: =SUM(F6:F305) | H3: =SUM(H6:H305) | I3: =SUM(I6:I305) | K3: =SUM(K6:K305) | L3: =SUM(L6:L305)
A5: Date | B5: Supplier | C5: Description | D5: Category | E5: Supplier country | F5: Gross paid | G5: VAT rate | H5: VAT in price | I5: Net | J5: Business use % | K5: Deductible (net) | L5: Reclaimable VAT | M5: Receipt kept? | N5: Notes
A6: 46027 | B6: Example: Adobe | C6: Creative Cloud, January | D6: Software & subscriptions | E6: IE | F6: 66.42 | G6: 0 | H6: =IF(F6="","",ROUND(F6-F6/(1+N(G6)),2)) | I6: =IF(F6="","",F6-H6) | J6: 1 | K6: =IF(F6="","",ROUND(I6*IF(J6="",1,J6),2)) | L6: =IF(F6="","",IF(Settings!$B$4="Yes",ROUND(H6*IF(J6="",1,J6),2),0)) | M6: Yes | N6: Reverse charge: self-account VAT
A7: 46034 | B7: Example: Electronics shop | C7: Laptop | D7: Hardware & equipment | E7: CY | F7: 1416.1 | G7: 0.19 | H7: =IF(F7="","",ROUND(F7-F7/(1+N(G7)),2)) | I7: =IF(F7="","",F7-H7) | J7: 1 | K7: =IF(F7="","",ROUND(I7*IF(J7="",1,J7),2)) | L7: =IF(F7="","",IF(Settings!$B$4="Yes",ROUND(H7*IF(J7="",1,J7),2),0)) | M7: Yes
A8: 46042 | B8: Example: Mobile operator | C8: Phone plan | D8: Phone & internet | E8: CY | F8: 29.75 | G8: 0.19 | H8: =IF(F8="","",ROUND(F8-F8/(1+N(G8)),2)) | I8: =IF(F8="","",F8-H8) | J8: 0.5 | K8: =IF(F8="","",ROUND(I8*IF(J8="",1,J8),2)) | L8: =IF(F8="","",IF(Settings!$B$4="Yes",ROUND(H8*IF(J8="",1,J8),2),0)) | M8: Yes | N8: Personal use 50%
A9: 46056 | B9: Example: Coworking | C9: Hot desk, February | D9: Office & coworking | E9: CY | F9: 178.5 | G9: 0.19 | H9: =IF(F9="","",ROUND(F9-F9/(1+N(G9)),2)) | I9: =IF(F9="","",F9-H9) | J9: 1 | K9: =IF(F9="","",ROUND(I9*IF(J9="",1,J9),2)) | L9: =IF(F9="","",IF(Settings!$B$4="Yes",ROUND(H9*IF(J9="",1,J9),2),0)) | M9: Yes
A10: 46067 | B10: Example: Bank | C10: Card and transfer fees | D10: Bank & payment fees | E10: CY | F10: 12 | G10: 0 | H10: =IF(F10="","",ROUND(F10-F10/(1+N(G10)),2)) | I10: =IF(F10="","",F10-H10) | J10: 1 | K10: =IF(F10="","",ROUND(I10*IF(J10="",1,J10),2)) | L10: =IF(F10="","",IF(Settings!$B$4="Yes",ROUND(H10*IF(J10="",1,J10),2),0)) | M10: Yes | N10: Financial services: no VAT
H11: =IF(F11="","",ROUND(F11-F11/(1+N(G11)),2)) | I11: =IF(F11="","",F11-H11) | K11: =IF(F11="","",ROUND(I11*IF(J11="",1,J11),2)) | L11: =IF(F11="","",IF(Settings!$B$4="Yes",ROUND(H11*IF(J11="",1,J11),2),0))
H12: =IF(F12="","",ROUND(F12-F12/(1+N(G12)),2)) | I12: =IF(F12="","",F12-H12) | K12: =IF(F12="","",ROUND(I12*IF(J12="",1,J12),2)) | L12: =IF(F12="","",IF(Settings!$B$4="Yes",ROUND(H12*IF(J12="",1,J12),2),0))
H13: =IF(F13="","",ROUND(F13-F13/(1+N(G13)),2)) | I13: =IF(F13="","",F13-H13) | K13: =IF(F13="","",ROUND(I13*IF(J13="",1,J13),2)) | L13: =IF(F13="","",IF(Settings!$B$4="Yes",ROUND(H13*IF(J13="",1,J13),2),0))
H14: =IF(F14="","",ROUND(F14-F14/(1+N(G14)),2)) | I14: =IF(F14="","",F14-H14) | K14: =IF(F14="","",ROUND(I14*IF(J14="",1,J14),2)) | L14: =IF(F14="","",IF(Settings!$B$4="Yes",ROUND(H14*IF(J14="",1,J14),2),0))
H15: =IF(F15="","",ROUND(F15-F15/(1+N(G15)),2)) | I15: =IF(F15="","",F15-H15) | K15: =IF(F15="","",ROUND(I15*IF(J15="",1,J15),2)) | L15: =IF(F15="","",IF(Settings!$B$4="Yes",ROUND(H15*IF(J15="",1,J15),2),0))
H16: =IF(F16="","",ROUND(F16-F16/(1+N(G16)),2)) | I16: =IF(F16="","",F16-H16) | K16: =IF(F16="","",ROUND(I16*IF(J16="",1,J16),2)) | L16: =IF(F16="","",IF(Settings!$B$4="Yes",ROUND(H16*IF(J16="",1,J16),2),0))
H17: =IF(F17="","",ROUND(F17-F17/(1+N(G17)),2)) | I17: =IF(F17="","",F17-H17) | K17: =IF(F17="","",ROUND(I17*IF(J17="",1,J17),2)) | L17: =IF(F17="","",IF(Settings!$B$4="Yes",ROUND(H17*IF(J17="",1,J17),2),0))
H18: =IF(F18="","",ROUND(F18-F18/(1+N(G18)),2)) | I18: =IF(F18="","",F18-H18) | K18: =IF(F18="","",ROUND(I18*IF(J18="",1,J18),2)) | L18: =IF(F18="","",IF(Settings!$B$4="Yes",ROUND(H18*IF(J18="",1,J18),2),0))
H19: =IF(F19="","",ROUND(F19-F19/(1+N(G19)),2)) | I19: =IF(F19="","",F19-H19) | K19: =IF(F19="","",ROUND(I19*IF(J19="",1,J19),2)) | L19: =IF(F19="","",IF(Settings!$B$4="Yes",ROUND(H19*IF(J19="",1,J19),2),0))
H20: =IF(F20="","",ROUND(F20-F20/(1+N(G20)),2)) | I20: =IF(F20="","",F20-H20) | K20: =IF(F20="","",ROUND(I20*IF(J20="",1,J20),2)) | L20: =IF(F20="","",IF(Settings!$B$4="Yes",ROUND(H20*IF(J20="",1,J20),2),0))
H21: =IF(F21="","",ROUND(F21-F21/(1+N(G21)),2)) | I21: =IF(F21="","",F21-H21) | K21: =IF(F21="","",ROUND(I21*IF(J21="",1,J21),2)) | L21: =IF(F21="","",IF(Settings!$B$4="Yes",ROUND(H21*IF(J21="",1,J21),2),0))
H22: =IF(F22="","",ROUND(F22-F22/(1+N(G22)),2)) | I22: =IF(F22="","",F22-H22) | K22: =IF(F22="","",ROUND(I22*IF(J22="",1,J22),2)) | L22: =IF(F22="","",IF(Settings!$B$4="Yes",ROUND(H22*IF(J22="",1,J22),2),0))
... H305: =IF(F305="","",ROUND(F305-F305/(1+N(G305)),2)) | I305: =IF(F305="","",F305-H305) | K305: =IF(F305="","",ROUND(I305*IF(J305="",1,J305),2)) | L305: =IF(F305="","",IF(Settings!$B$4="Yes",ROUND(H305*IF(J305="",1,J305),2),0))

Sheet Settings
A1: Settings
A3: Tax year | B3: 2026 | C3: Used for the monthly summary.
A4: Are you VAT registered? | B4: Yes | C4: If "No", reclaimable VAT is set to 0 (VAT you pay is then simply part of the cost).
A5: Currency | B5: EUR | C5: Label only.
A8: Categories (edit freely; the drop-down and summary use this list)
A9: Software & subscriptions
A10: Hardware & equipment
A11: Office & coworking
A12: Phone & internet
A13: Travel & transport
A14: Meals & client entertainment
A15: Training & books
A16: Professional fees (accountant, legal)
A17: Bank & payment fees
A18: Marketing & advertising
A19: Insurance
... A27: Free template from eufreelancertools.com

Sheet Summary
A1: Summary
A2: ="Tax year "&Settings!B3&" | VAT registered: "&Settings!B4
A4: By category | B4: Gross paid | C4: Net | D4: Deductible (net) | E4: Reclaimable VAT
A5: =Settings!A9 | B5: =SUMIFS(Expenses!$F$6:$F$305,Expenses!$D$6:$D$305,$A5) | C5: =SUMIFS(Expenses!$I$6:$I$305,Expenses!$D$6:$D$305,$A5) | D5: =SUMIFS(Expenses!$K$6:$K$305,Expenses!$D$6:$D$305,$A5) | E5: =SUMIFS(Expenses!$L$6:$L$305,Expenses!$D$6:$D$305,$A5)
A6: =Settings!A10 | B6: =SUMIFS(Expenses!$F$6:$F$305,Expenses!$D$6:$D$305,$A6) | C6: =SUMIFS(Expenses!$I$6:$I$305,Expenses!$D$6:$D$305,$A6) | D6: =SUMIFS(Expenses!$K$6:$K$305,Expenses!$D$6:$D$305,$A6) | E6: =SUMIFS(Expenses!$L$6:$L$305,Expenses!$D$6:$D$305,$A6)
A7: =Settings!A11 | B7: =SUMIFS(Expenses!$F$6:$F$305,Expenses!$D$6:$D$305,$A7) | C7: =SUMIFS(Expenses!$I$6:$I$305,Expenses!$D$6:$D$305,$A7) | D7: =SUMIFS(Expenses!$K$6:$K$305,Expenses!$D$6:$D$305,$A7) | E7: =SUMIFS(Expenses!$L$6:$L$305,Expenses!$D$6:$D$305,$A7)
A8: =Settings!A12 | B8: =SUMIFS(Expenses!$F$6:$F$305,Expenses!$D$6:$D$305,$A8) | C8: =SUMIFS(Expenses!$I$6:$I$305,Expenses!$D$6:$D$305,$A8) | D8: =SUMIFS(Expenses!$K$6:$K$305,Expenses!$D$6:$D$305,$A8) | E8: =SUMIFS(Expenses!$L$6:$L$305,Expenses!$D$6:$D$305,$A8)
A9: =Settings!A13 | B9: =SUMIFS(Expenses!$F$6:$F$305,Expenses!$D$6:$D$305,$A9) | C9: =SUMIFS(Expenses!$I$6:$I$305,Expenses!$D$6:$D$305,$A9) | D9: =SUMIFS(Expenses!$K$6:$K$305,Expenses!$D$6:$D$305,$A9) | E9: =SUMIFS(Expenses!$L$6:$L$305,Expenses!$D$6:$D$305,$A9)
A10: =Settings!A14 | B10: =SUMIFS(Expenses!$F$6:$F$305,Expenses!$D$6:$D$305,$A10) | C10: =SUMIFS(Expenses!$I$6:$I$305,Expenses!$D$6:$D$305,$A10) | D10: =SUMIFS(Expenses!$K$6:$K$305,Expenses!$D$6:$D$305,$A10) | E10: =SUMIFS(Expenses!$L$6:$L$305,Expenses!$D$6:$D$305,$A10)
A11: =Settings!A15 | B11: =SUMIFS(Expenses!$F$6:$F$305,Expenses!$D$6:$D$305,$A11) | C11: =SUMIFS(Expenses!$I$6:$I$305,Expenses!$D$6:$D$305,$A11) | D11: =SUMIFS(Expenses!$K$6:$K$305,Expenses!$D$6:$D$305,$A11) | E11: =SUMIFS(Expenses!$L$6:$L$305,Expenses!$D$6:$D$305,$A11)
A12: =Settings!A16 | B12: =SUMIFS(Expenses!$F$6:$F$305,Expenses!$D$6:$D$305,$A12) | C12: =SUMIFS(Expenses!$I$6:$I$305,Expenses!$D$6:$D$305,$A12) | D12: =SUMIFS(Expenses!$K$6:$K$305,Expenses!$D$6:$D$305,$A12) | E12: =SUMIFS(Expenses!$L$6:$L$305,Expenses!$D$6:$D$305,$A12)
A13: =Settings!A17 | B13: =SUMIFS(Expenses!$F$6:$F$305,Expenses!$D$6:$D$305,$A13) | C13: =SUMIFS(Expenses!$I$6:$I$305,Expenses!$D$6:$D$305,$A13) | D13: =SUMIFS(Expenses!$K$6:$K$305,Expenses!$D$6:$D$305,$A13) | E13: =SUMIFS(Expenses!$L$6:$L$305,Expenses!$D$6:$D$305,$A13)
A14: =Settings!A18 | B14: =SUMIFS(Expenses!$F$6:$F$305,Expenses!$D$6:$D$305,$A14) | C14: =SUMIFS(Expenses!$I$6:$I$305,Expenses!$D$6:$D$305,$A14) | D14: =SUMIFS(Expenses!$K$6:$K$305,Expenses!$D$6:$D$305,$A14) | E14: =SUMIFS(Expenses!$L$6:$L$305,Expenses!$D$6:$D$305,$A14)
A15: =Settings!A19 | B15: =SUMIFS(Expenses!$F$6:$F$305,Expenses!$D$6:$D$305,$A15) | C15: =SUMIFS(Expenses!$I$6:$I$305,Expenses!$D$6:$D$305,$A15) | D15: =SUMIFS(Expenses!$K$6:$K$305,Expenses!$D$6:$D$305,$A15) | E15: =SUMIFS(Expenses!$L$6:$L$305,Expenses!$D$6:$D$305,$A15)
A16: =Settings!A20 | B16: =SUMIFS(Expenses!$F$6:$F$305,Expenses!$D$6:$D$305,$A16) | C16: =SUMIFS(Expenses!$I$6:$I$305,Expenses!$D$6:$D$305,$A16) | D16: =SUMIFS(Expenses!$K$6:$K$305,Expenses!$D$6:$D$305,$A16) | E16: =SUMIFS(Expenses!$L$6:$L$305,Expenses!$D$6:$D$305,$A16)
A17: Total | B17: =SUM(B5:B16) | C17: =SUM(C5:C16) | D17: =SUM(D5:D16) | E17: =SUM(E5:E16)
A18: =IF(ROUND(B17-Expenses!F3,2)<>0,"Check: some rows have no category or a category not in the list","")
A20: By month | B20: Gross paid | C20: Net | D20: Deductible (net) | E20: Reclaimable VAT
A21: January | B21: =SUMIFS(Expenses!$F$6:$F$305,Expenses!$A$6:$A$305,">="&DATE(Settings!$B$3,1,1),Expenses!$A$6:$A$305,"<"&DATE(Settings!$B$3,2,1)) | C21: =SUMIFS(Expenses!$I$6:$I$305,Expenses!$A$6:$A$305,">="&DATE(Settings!$B$3,1,1),Expenses!$A$6:$A$305,"<"&DATE(Settings!$B$3,2,1)) | D21: =SUMIFS(Expenses!$K$6:$K$305,Expenses!$A$6:$A$305,">="&DATE(Settings!$B$3,1,1),Expenses!$A$6:$A$305,"<"&DATE(Settings!$B$3,2,1)) | E21: =SUMIFS(Expenses!$L$6:$L$305,Expenses!$A$6:$A$305,">="&DATE(Settings!$B$3,1,1),Expenses!$A$6:$A$305,"<"&DATE(Settings!$B$3,2,1))
A22: February | B22: =SUMIFS(Expenses!$F$6:$F$305,Expenses!$A$6:$A$305,">="&DATE(Settings!$B$3,2,1),Expenses!$A$6:$A$305,"<"&DATE(Settings!$B$3,3,1)) | C22: =SUMIFS(Expenses!$I$6:$I$305,Expenses!$A$6:$A$305,">="&DATE(Settings!$B$3,2,1),Expenses!$A$6:$A$305,"<"&DATE(Settings!$B$3,3,1)) | D22: =SUMIFS(Expenses!$K$6:$K$305,Expenses!$A$6:$A$305,">="&DATE(Settings!$B$3,2,1),Expenses!$A$6:$A$305,"<"&DATE(Settings!$B$3,3,1)) | E22: =SUMIFS(Expenses!$L$6:$L$305,Expenses!$A$6:$A$305,">="&DATE(Settings!$B$3,2,1),Expenses!$A$6:$A$305,"<"&DATE(Settings!$B$3,3,1))
A23: March | B23: =SUMIFS(Expenses!$F$6:$F$305,Expenses!$A$6:$A$305,">="&DATE(Settings!$B$3,3,1),Expenses!$A$6:$A$305,"<"&DATE(Settings!$B$3,4,1)) | C23: =SUMIFS(Expenses!$I$6:$I$305,Expenses!$A$6:$A$305,">="&DATE(Settings!$B$3,3,1),Expenses!$A$6:$A$305,"<"&DATE(Settings!$B$3,4,1)) | D23: =SUMIFS(Expenses!$K$6:$K$305,Expenses!$A$6:$A$305,">="&DATE(Settings!$B$3,3,1),Expenses!$A$6:$A$305,"<"&DATE(Settings!$B$3,4,1)) | E23: =SUMIFS(Expenses!$L$6:$L$305,Expenses!$A$6:$A$305,">="&DATE(Settings!$B$3,3,1),Expenses!$A$6:$A$305,"<"&DATE(Settings!$B$3,4,1))
A24: April | B24: =SUMIFS(Expenses!$F$6:$F$305,Expenses!$A$6:$A$305,">="&DATE(Settings!$B$3,4,1),Expenses!$A$6:$A$305,"<"&DATE(Settings!$B$3,5,1)) | C24: =SUMIFS(Expenses!$I$6:$I$305,Expenses!$A$6:$A$305,">="&DATE(Settings!$B$3,4,1),Expenses!$A$6:$A$305,"<"&DATE(Settings!$B$3,5,1)) | D24: =SUMIFS(Expenses!$K$6:$K$305,Expenses!$A$6:$A$305,">="&DATE(Settings!$B$3,4,1),Expenses!$A$6:$A$305,"<"&DATE(Settings!$B$3,5,1)) | E24: =SUMIFS(Expenses!$L$6:$L$305,Expenses!$A$6:$A$305,">="&DATE(Settings!$B$3,4,1),Expenses!$A$6:$A$305,"<"&DATE(Settings!$B$3,5,1))
A25: May | B25: =SUMIFS(Expenses!$F$6:$F$305,Expenses!$A$6:$A$305,">="&DATE(Settings!$B$3,5,1),Expenses!$A$6:$A$305,"<"&DATE(Settings!$B$3,6,1)) | C25: =SUMIFS(Expenses!$I$6:$I$305,Expenses!$A$6:$A$305,">="&DATE(Settings!$B$3,5,1),Expenses!$A$6:$A$305,"<"&DATE(Settings!$B$3,6,1)) | D25: =SUMIFS(Expenses!$K$6:$K$305,Expenses!$A$6:$A$305,">="&DATE(Settings!$B$3,5,1),Expenses!$A$6:$A$305,"<"&DATE(Settings!$B$3,6,1)) | E25: =SUMIFS(Expenses!$L$6:$L$305,Expenses!$A$6:$A$305,">="&DATE(Settings!$B$3,5,1),Expenses!$A$6:$A$305,"<"&DATE(Settings!$B$3,6,1))
A26: June | B26: =SUMIFS(Expenses!$F$6:$F$305,Expenses!$A$6:$A$305,">="&DATE(Settings!$B$3,6,1),Expenses!$A$6:$A$305,"<"&DATE(Settings!$B$3,7,1)) | C26: =SUMIFS(Expenses!$I$6:$I$305,Expenses!$A$6:$A$305,">="&DATE(Settings!$B$3,6,1),Expenses!$A$6:$A$305,"<"&DATE(Settings!$B$3,7,1)) | D26: =SUMIFS(Expenses!$K$6:$K$305,Expenses!$A$6:$A$305,">="&DATE(Settings!$B$3,6,1),Expenses!$A$6:$A$305,"<"&DATE(Settings!$B$3,7,1)) | E26: =SUMIFS(Expenses!$L$6:$L$305,Expenses!$A$6:$A$305,">="&DATE(Settings!$B$3,6,1),Expenses!$A$6:$A$305,"<"&DATE(Settings!$B$3,7,1))
A27: July | B27: =SUMIFS(Expenses!$F$6:$F$305,Expenses!$A$6:$A$305,">="&DATE(Settings!$B$3,7,1),Expenses!$A$6:$A$305,"<"&DATE(Settings!$B$3,8,1)) | C27: =SUMIFS(Expenses!$I$6:$I$305,Expenses!$A$6:$A$305,">="&DATE(Settings!$B$3,7,1),Expenses!$A$6:$A$305,"<"&DATE(Settings!$B$3,8,1)) | D27: =SUMIFS(Expenses!$K$6:$K$305,Expenses!$A$6:$A$305,">="&DATE(Settings!$B$3,7,1),Expenses!$A$6:$A$305,"<"&DATE(Settings!$B$3,8,1)) | E27: =SUMIFS(Expenses!$L$6:$L$305,Expenses!$A$6:$A$305,">="&DATE(Settings!$B$3,7,1),Expenses!$A$6:$A$305,"<"&DATE(Settings!$B$3,8,1))
A28: August | B28: =SUMIFS(Expenses!$F$6:$F$305,Expenses!$A$6:$A$305,">="&DATE(Settings!$B$3,8,1),Expenses!$A$6:$A$305,"<"&DATE(Settings!$B$3,9,1)) | C28: =SUMIFS(Expenses!$I$6:$I$305,Expenses!$A$6:$A$305,">="&DATE(Settings!$B$3,8,1),Expenses!$A$6:$A$305,"<"&DATE(Settings!$B$3,9,1)) | D28: =SUMIFS(Expenses!$K$6:$K$305,Expenses!$A$6:$A$305,">="&DATE(Settings!$B$3,8,1),Expenses!$A$6:$A$305,"<"&DATE(Settings!$B$3,9,1)) | E28: =SUMIFS(Expenses!$L$6:$L$305,Expenses!$A$6:$A$305,">="&DATE(Settings!$B$3,8,1),Expenses!$A$6:$A$305,"<"&DATE(Settings!$B$3,9,1))
A29: September | B29: =SUMIFS(Expenses!$F$6:$F$305,Expenses!$A$6:$A$305,">="&DATE(Settings!$B$3,9,1),Expenses!$A$6:$A$305,"<"&DATE(Settings!$B$3,10,1)) | C29: =SUMIFS(Expenses!$I$6:$I$305,Expenses!$A$6:$A$305,">="&DATE(Settings!$B$3,9,1),Expenses!$A$6:$A$305,"<"&DATE(Settings!$B$3,10,1)) | D29: =SUMIFS(Expenses!$K$6:$K$305,Expenses!$A$6:$A$305,">="&DATE(Settings!$B$3,9,1),Expenses!$A$6:$A$305,"<"&DATE(Settings!$B$3,10,1)) | E29: =SUMIFS(Expenses!$L$6:$L$305,Expenses!$A$6:$A$305,">="&DATE(Settings!$B$3,9,1),Expenses!$A$6:$A$305,"<"&DATE(Settings!$B$3,10,1))
A30: October | B30: =SUMIFS(Expenses!$F$6:$F$305,Expenses!$A$6:$A$305,">="&DATE(Settings!$B$3,10,1),Expenses!$A$6:$A$305,"<"&DATE(Settings!$B$3,11,1)) | C30: =SUMIFS(Expenses!$I$6:$I$305,Expenses!$A$6:$A$305,">="&DATE(Settings!$B$3,10,1),Expenses!$A$6:$A$305,"<"&DATE(Settings!$B$3,11,1)) | D30: =SUMIFS(Expenses!$K$6:$K$305,Expenses!$A$6:$A$305,">="&DATE(Settings!$B$3,10,1),Expenses!$A$6:$A$305,"<"&DATE(Settings!$B$3,11,1)) | E30: =SUMIFS(Expenses!$L$6:$L$305,Expenses!$A$6:$A$305,">="&DATE(Settings!$B$3,10,1),Expenses!$A$6:$A$305,"<"&DATE(Settings!$B$3,11,1))
A31: November | B31: =SUMIFS(Expenses!$F$6:$F$305,Expenses!$A$6:$A$305,">="&DATE(Settings!$B$3,11,1),Expenses!$A$6:$A$305,"<"&DATE(Settings!$B$3,12,1)) | C31: =SUMIFS(Expenses!$I$6:$I$305,Expenses!$A$6:$A$305,">="&DATE(Settings!$B$3,11,1),Expenses!$A$6:$A$305,"<"&DATE(Settings!$B$3,12,1)) | D31: =SUMIFS(Expenses!$K$6:$K$305,Expenses!$A$6:$A$305,">="&DATE(Settings!$B$3,11,1),Expenses!$A$6:$A$305,"<"&DATE(Settings!$B$3,12,1)) | E31: =SUMIFS(Expenses!$L$6:$L$305,Expenses!$A$6:$A$305,">="&DATE(Settings!$B$3,11,1),Expenses!$A$6:$A$305,"<"&DATE(Settings!$B$3,12,1))
A32: December | B32: =SUMIFS(Expenses!$F$6:$F$305,Expenses!$A$6:$A$305,">="&DATE(Settings!$B$3,12,1),Expenses!$A$6:$A$305,"<"&DATE(Settings!$B$3+1,1,1)) | C32: =SUMIFS(Expenses!$I$6:$I$305,Expenses!$A$6:$A$305,">="&DATE(Settings!$B$3,12,1),Expenses!$A$6:$A$305,"<"&DATE(Settings!$B$3+1,1,1)) | D32: =SUMIFS(Expenses!$K$6:$K$305,Expenses!$A$6:$A$305,">="&DATE(Settings!$B$3,12,1),Expenses!$A$6:$A$305,"<"&DATE(Settings!$B$3+1,1,1)) | E32: =SUMIFS(Expenses!$L$6:$L$305,Expenses!$A$6:$A$305,">="&DATE(Settings!$B$3,12,1),Expenses!$A$6:$A$305,"<"&DATE(Settings!$B$3+1,1,1))
A34: By quarter (for VAT returns) | B34: Gross paid | C34: Net | D34: Deductible (net) | E34: Reclaimable VAT
A35: Q1 | B35: =SUM(B21:B23) | C35: =SUM(C21:C23) | D35: =SUM(D21:D23) | E35: =SUM(E21:E23)
A36: Q2 | B36: =SUM(B24:B26) | C36: =SUM(C24:C26) | D36: =SUM(D24:D26) | E36: =SUM(E24:E26)
A37: Q3 | B37: =SUM(B27:B29) | C37: =SUM(C27:C29) | D37: =SUM(D27:D29) | E37: =SUM(E27:E29)
A38: Q4 | B38: =SUM(B30:B32) | C38: =SUM(C30:C32) | D38: =SUM(D30:D32) | E38: =SUM(E30:E32)
A40: Track income, invoices, VAT due and tax set-aside too: Freelancer Money OS at eufreelancertools.com/freelancer-money-os/
